 Dungeon Crawl Stone Soup version 0.31-a0-819-gf6de2f5ab6 (webtiles) character file.

Game seed: 10933696796824150465

690 qw the Shooter (level 7, -3/44 HPs)
             Began as a Gargoyle Hunter on Sept 23, 2023.
             Killed by divine providence
             ... invoked by an orc priest
              (12 damage)
             ... on level 5 of the Dungeon.
             The game lasted 00:01:32 (4162 turns).

qw the Shooter (Gargoyle Hunter)                    Turns: 4162, Time: 00:01:32

Health: -3/44      AC: 10    Str: 15    XL:     7   Next: 63%
Magic:  7/7        EV: 16    Int:  9    God:
Gold:   285        SH:  0    Dex: 15    Spells: 6/6 levels left

rFire   + . .        Y - +0 shortbow
rCold   + . .        (shield currently unavailable)
rNeg    + . .        g - +0 ring mail
rPois   inf          (no helmet)
rElec   +            b - scarf {rC+ rF+}
rCorr   .            (no gloves)
SInv    .            (no boots)
Will    .....        (no amulet)
Stlth   +            j - +5 ring of evasion
HPRegen 0.27/turn    (no ring)
MPRegen 0.10/turn

%: no passive effects
@: no status effects
A: sickness immunity, AC +4, negative energy resistance 1, electricity
resistance, torment resistance 1, petrification resistance
a: no special abilities


You were on level 5 of the Dungeon.
You visited 2 branches of the dungeon, and saw 6 of its levels.

You collected 285 gold pieces.


Innate Abilities, Weirdness & Mutations

You are immune to sickness and miasma.
Your stone body is resilient. (AC +4)
You are immune to poison.
You resist negative energy. (rN+)
You are resistant to electric shocks. (rElec)
You are resistant to unholy torment.
You are immune to petrification.


   Skills:
 - Level 5.6 Fighting
 + Level 7.6 Ranged Weapons
 - Level 1.0 Armour
 - Level 1.5 Dodging
 - Level 1.1 Stealth


You had 6 spell levels left.
You didn't know any spells.
Your spell library was empty.

Inventory:

Hand Weapons
 Y - a +0 shortbow (weapon)
Armour
 b - a scarf of resistance (worn)
 e - a +0 cloak
 g - a +0 ring mail (worn)
Jewellery
 j - a +5 ring of evasion (left hand)
Scrolls
 d - 2 scrolls of identify
Potions
 a - a potion of might {unknown}
 f - a potion of enlightenment
 h - a potion of haste {unknown}
 i - a potion of mutation {unknown}

Dungeon Overview and Level Annotations

Branches:
Dungeon (5/15)             Temple (1/1) D:4

Altars:
Ashenzari
Cheibriados
Fedhas
Gozag
Hepliaklqana
Kikubaaqudgha
Makhleb
Qazlal
Ru
Sif Muna
Trog
Uskayaw
Vehumet
Xom
Yredelemnul
The Shining One

Annotations:
D:5 Eustachio


Message History

An orc priest comes into view. It is wielding a +0 flail.
You shoot an arrow. The arrow misses the orc wizard.
The orc wizard closely misses you.
You shoot an arrow. The arrow hits the orc wizard!
The orc wizard is severely wounded.
The orc wizard casts a spell at you. The magic dart hits you.
Eustachio casts a spell.
Eustachio blinks!
You shoot an arrow. The arrow barely misses the orc wizard.
The orc wizard closely misses you.
You shoot an arrow.
The arrow closely misses the orc wizard.
The orc wizard hits you with a +0 dagger.
You shoot an arrow.
The arrow hits the orc wizard but does no damage.
The orc wizard is severely wounded.
The orc wizard hits you with a +0 dagger.
The orc priest invokes the aid of Beogh against you.
Beogh smites you!
4159 ||| READING scroll of teleportation.
As you read the scroll of teleportation, it crumbles to dust.
You feel strangely unstable. The orc wizard completely misses you.
The orc priest casts a cantrip, but nothing happens.
You shoot an arrow. The arrow hits the orc wizard!
You kill the orc wizard!
The orc priest calls down the wrath of Beogh upon you.
Something writhes in agony.
Something hits you but does no damage.
You shoot an arrow.
Reactivating autopickup.
You feel a bit more experienced. The orc hits you but does no damage.
You shoot an arrow. The arrow hits the orc!
You kill the orc!
Your surroundings seem slightly different.
Found a stone staircase leading down.
The orc priest calls down the wrath of Beogh upon you.
Beogh smites you!
You die...

######## #.........#
####### #.# .#..#.#####
......####.##..#........
......#.................
......#....##.#.........
.........#.##...........
..........o@ยค........>..
.....##.##.##...@.......
####.##.##.##..######+#.
#.....5..)..#
.....o#.#..###.#
.....#.....# .# .....
......# ..
.o..#######..... ....
###. ....


You could see Eustachio and an orc priest.

Vanquished Creatures
  Sigmund (D:4)
  An ogre (D:4)
  A centaur (D:5)
  A hound (D:4)
  A jelly (D:4)
  3 iguanas
  2 orc wizards (D:5)
  5 gnolls
  4 adders
  2 worms
  A dart slug (D:3)
  7 orcs
  6 endoplasms
  2 giant cockroaches
  5 goblins
  6 hobgoblins
  5 quokkas
  8 ball pythons
  8 bats
  5 frilled lizards
  12 kobolds
  11 rats
97 creatures vanquished.

Notes
Turn   | Place    | Note
-------+----------+-------------------------------------------
     0 | D:1      | qw the Gargoyle Hunter began the quest for the Orb.
     0 | D:1      | Reached XP level 1. HP: 12/12 MP: 1/1
     0 | D:1      | 0 ||| qw: Version: 0.3-a-83-gcd0e7d8
     0 | D:1      | 0 ||| qw: Game counter: 1445
     0 | D:1      | 0 ||| qw: Melee chars always use a shield: true
     0 | D:1      | 0 ||| qw: God list: Okawaru
     0 | D:1      | 0 ||| qw: Allow faded altars: false
     0 | D:1      | 0 ||| qw: Do Orc after clearing Dungeon:15 true
     0 | D:1      | 0 ||| qw: Do second Lair branch before Depths: true
     0 | D:1      | 0 ||| qw: Lair rune preference: random
     0 | D:1      | 0 ||| qw: Goals: Normal
     0 | D:1      | 0 ||| PLANNING D:1-11
   321 | D:1      | Reached XP level 2. HP: 17/17 MP: 2/2
   963 | D:1      | 963 ||| UPGRADING to +0 ring mail.
   973 | D:1      | 973 ||| DROPPING +0 leather armour.
   974 | D:1      | 974 ||| UPGRADING to +5 ring of evasion.
   975 | D:1      | 975 ||| READING scroll labelled EKHLYR ZYDY.
   978 | D:1      | 978 ||| READING scroll labelled XUSACO ROPU.
   979 | D:1      | 979 ||| READING scroll labelled DEMMOT NUUK.
   980 | D:1      | 980 ||| READING scroll labelled ELEOV BIATIKK.
   992 | D:1      | 992 ||| DROPPING scroll of butterflies.
  1061 | D:2      | Reached skill level 1 in Armour
  1061 | D:2      | Reached XP level 3. HP: 21/21 MP: 3/3
  1125 | D:2      | Reached skill level 5 in Ranged Weapons
  1662 | D:2      | 1662 ||| READING scroll labelled BIKA XUFICIUF.
  1663 | D:2      | 1663 ||| READING scroll labelled ONA LOOCEY.
  1664 | D:2      | 1664 ||| DRINKING 2 smoky ruby potions.
  1853 | D:2      | 1853 ||| DROPPING potion of berserk rage.
  1886 | D:3      | 1886 ||| STAIRDANCE
  1964 | D:3      | Reached skill level 3 in Fighting
  1964 | D:3      | Reached XP level 4. HP: 28/28 MP: 4/4
  1970 | D:3      | Found a burning altar of Makhleb.
  2235 | D:3      | Identified the staff "Peoxugh" {rPois Str+2 Dex+3 SInv
                  | Poison}
  2322 | D:3      | Reached XP level 5. HP: 14/32 MP: 5/5
  2475 | D:3      | 2475 ||| READING scroll labelled VEOS SUMAOF.
  2476 | D:3      | 2476 ||| READING scroll labelled PAENEN ROLUMPU.
  2477 | D:3      | 2477 ||| READING 3 scrolls of identify.
  2477 | D:3      | 2477 ||| IDENTIFYING cyan potion
  2494 | D:4      | 2494 ||| STAIRDANCE
  2509 | D:3      | Reached skill level 6 in Ranged Weapons
  2575 | D:4      | 2575 ||| STAIRDANCE
  2587 | D:4      | 2587 ||| STAIRDANCE
  2604 | D:4      | 2604 ||| STAIRDANCE
  2617 | D:4      | 2617 ||| STAIRDANCE
  2694 | D:4      | Found a staircase to the Ecumenical Temple.
  2695 | D:4      | 2695 ||| PLANNING TEMPLE
  2709 | Temple   | Entered the Ecumenical Temple
  2710 | Temple   | 2710 ||| PLANNING D:1-11
  3011 | D:4      | Noticed Sigmund
  3036 | D:4      | 3036 ||| DRINKING potion of curing.
  3036 | D:4      | 3036 ||| (to cure confusion)
  3038 | D:4      | Killed Sigmund
  3039 | D:4      | Reached XP level 6. HP: 32/40 MP: 6/6
  3491 | D:4      | Reached XP level 7. HP: 26/44 MP: 7/7
  3498 | D:4      | HP: 11/44 [iguana (9)]
  3499 | D:4      | 3499 ||| READING 2 scrolls of teleportation.
  3980 | D:4      | Reached skill level 7 in Ranged Weapons
  4010 | D:4      | 4010 ||| UPGRADING to scarf of resistance.
  4015 | D:4      | 4015 ||| READING 3 scrolls of identify.
  4015 | D:4      | 4015 ||| IDENTIFYING glowing coppery potion
  4016 | D:4      | 4016 ||| READING 2 scrolls of identify.
  4016 | D:4      | 4016 ||| IDENTIFYING metallic green potion
  4017 | D:4      | 4017 ||| DROPPING potion of ambrosia.
  4033 | D:5      | Entered Level 5 of the Dungeon
  4114 | D:5      | Noticed Eustachio
  4123 | D:5      | 4123 ||| FLEEEEING.
  4124 | D:5      | 4124 ||| FLEEEEING.
  4125 | D:5      | 4125 ||| RETREEAATING.
  4126 | D:5      | 4126 ||| STILL RETREEAATING.
  4127 | D:5      | 4127 ||| Stepping ~*~*~tactically~*~*~ (retreating).
  4130 | D:5      | 4130 ||| Stepping ~*~*~tactically~*~*~ (retreating).
  4131 | D:5      | 4131 ||| RETREEAATING.
  4132 | D:5      | 4132 ||| STILL RETREEAATING.
  4133 | D:5      | 4133 ||| Stepping ~*~*~tactically~*~*~ (retreating).
  4134 | D:5      | 4134 ||| Stepping ~*~*~tactically~*~*~ (retreating).
  4158 | D:5      | HP: 7/44 [orc priest/divine providence (11)]
  4159 | D:5      | 4159 ||| READING scroll of teleportation.
  4162 | D:5      | Killed from afar by an orc priest

Levels and vault maps discovered:
D:1:      dpeg_arrival_circle_labyrinth_c, layout_loops_ring,
          grunt_decor_mini_mirrors
D:2:      layout_loops_cross, grunt_ministairs_10, skrybe_limestone_x
D:3:      cheibrodos_old_hovel, layout_loops_ring, bloody_makhleb
D:4:      layout_layer_cave, minmay_temple_entry_large_hall, minmay_pentangle,
          uniq_sigmund
D:5:      layout_basic, lemuel_tele_altar, hangedman_abyss_or_decor_lesser_grid,
          uniq_eustachio
Temple:   regret_index_temple_waves

Skill      XL: |  1  2  3  4  5  6  7 |
---------------+----------------------+-----
Armour         | 1 |  1.0
Ranged Weapons | 5 6 7 |  7.6
Fighting       | 3 5 |  5.6
Dodging        | |  1.5
Stealth        | |  1.1

Action                     |  1- 3 |  4- 6 |  7- 9 || total
---------------------------+-------+-------+-------++-------
   Fire: Shortbow          |   110 |   175 |    63 ||   348
    Use: Scroll            |     6 |     3 |     4 ||    13
         Potion            |     1 |     1 |       ||     2
 Armour: Leather armour    |     5 |       |       ||     5
         Ring mail         |    13 |    38 |    20 ||    71
  Dodge: Dodged            |    31 |    77 |    32 ||   140

Table legend:
 A = Non-vault XP
 B = Vault XP
 C = Vault XP percentage of total XP
 D = Non-vault monster count
 E = Vault monster count
 F = Vault count percentage of total count
                 A         B        C        D         E       F
            +---------+---------+-------+---------+---------+-------
      Total |     492 |     498 |  50.3 |      84 |      13 |  13.4
            +---------+---------+-------+---------+---------+-------
        D:1 |      26 |       0 |   0.0 |      18 |       0 |   0.0
        D:2 |      35 |      15 |  30.0 |      22 |       2 |   8.3
        D:3 |     178 |       2 |   1.1 |      31 |       1 |   3.1
        D:4 |      65 |     481 |  88.1 |       8 |      10 |  55.6
        D:5 |     188 |       0 |   0.0 |       5 |       0 |   0.0
            +---------+---------+-------+---------+---------+-------
